Unix NetHack Version 5.0.0-0 post-release - last build May 31 2026 23:59:36 (970b52f25bf058293b47ddfd14a1e40e571c508c,branch:main).

Game began 2026-06-04 17:35:08, ended 2026-06-06 23:33:02.

Jera, neutral female human Barbarian

                                             ------------
                                             .%%%.........
                                             ...A.........
                                            -...$Y%.%.....
                                             -.. %Jh%.....
                                             |.. %O.D....     -----
                                             -------%.%--     |...     5
                                                   --*---    --..---------
                                                   ...@..-- --...|.......|
                                                   ..aa@A.---1...|....t..|
                                                   .....D@*q1....+...@...|
                                                    ..@Va.---.4..|...@...|
                                                    .....-- --5..|...B...|
                                                     -----   --..---------
                                                              |...        5
                                                              -----

Jera the Raider            St:18/14 Dx:17 Co:18 In:12 Wi:14 Ch:11  Neutral
Astral Plane $:0  HP:116(125) Pw:40(40) AC:-28 Xp:16/386558 T:33472 

Latest messages:
 The Angel of Set is slowing down.
 The Angel of Set turns to stone.
 The soldier ant misses!
 The soldier ant misses!
 You hit the soldier ant with the chickatrice corpse.
 The soldier ant is slowing down.
 The soldier ant turns to stone.
 The Angel of Crom swings his silver mace at the giant beetle.
 The Angel of Crom hits the giant beetle.
 The Angel of Crom swings his silver mace at the giant beetle.
 The Angel of Crom hits the giant beetle.
 The Angel of Crom hits the giant beetle.
 What do you want to use or apply? [acdhjmq-suvx-zFGIJL-OQX or ?*]
 In what direction?
 Status of the Angel of Crom (neutral, medium):  Level 21  HP 109(109)  AC -6, peaceful.
 You swap places with the Angel of Crom.
 The giant beetle misses!
 The Angel of Mitra wields a long sword!
 The high priest casts a spell!
 The high priest looks better.
 The Angel of Mitra hurls a potion called confusion!
 The flagon crashes on your head and breaks into shards.
 [HP -2, 112 left]
 The potion called confusion evaporates.
 You feel somewhat dizzy.
 What do you want to use or apply? [acdhjmq-suvx-zFGIJL-OQX or ?*]
 You feel less confused now.
 The high priest intones:
 "Pilgrim, you enter a sacred place!"
 The Angel of Crom swings his silver mace at the giant beetle.
 The Angel of Crom hits the giant beetle.
 The giant beetle is killed!
 What do you want to remove? [koH or ?*]
 You were wearing an uncursed ring called conflict (on left hand).
 In what direction?
 The door resists!
 In what direction?
 The door closes.
 The vampire bat turns to flee.
 The lurker above turns to flee.
 There is a high altar to Crom (neutral) here.
 What do you want to sacrifice? [T or ?*]
 T - the uncursed Amulet of Yendor named third att..
 What do you want to sacrifice? [T or ?*]
 You offer the Amulet of Yendor to Crom...
 An invisible choir sings, and you are bathed in radiance...
 The voice of Crom booms: "Mortal, thou hast done well!"
 "In return for thy service, I grant thee the gift of Immortality!"
 You ascend to the status of Demigoddess...
 Do you want your possessions identified? [ynq] (y)

Inventory:
 Amulets  ('"')
  b - an uncursed amulet of life saving
  H - an uncursed amulet of life saving (being worn)
  R - an uncursed amulet of reflection
 Weapons  (')')
  g - a blessed rustproof +6 aklys
  a - the uncursed rustproof +6 Cleaver
 Wands    ('/')
  q - an uncursed wand of cold (0:2)
  J - an uncursed wand of death (1:7)
  x - an uncursed wand of digging (0:4)
  I - an uncursed wand of digging (0:2)
  L - an uncursed wand of fire (0:2)
  y - an uncursed wand of lightning (0:2)
  N - an uncursed wand of secret door detection (0:7)
  O - an uncursed wand of striking (0:5)
  u - an uncursed wand of teleportation (0:5)
  M - an uncursed wand of teleportation (0:4)
  X - an uncursed wand of teleportation (0:2)
  Q - an uncursed wand of wishing (1:0)
 Rings    ('=')
  o - an uncursed ring of conflict
  k - an uncursed ring of free action (on right hand)
  K - a blessed +3 ring of increase damage
  l - an uncursed ring of levitation
  i - an uncursed ring of regeneration
  S - an uncursed ring of shock resistance
  p - an uncursed ring of slow digestion
 Tools    ('(')
  d - a blessed bag of holding containing 64 items
  s - the uncursed Bell of Opening (0:2)
  F - the uncursed Candelabrum of Invocation (0 of 7 candles attached)
  G - an uncursed expensive camera (0:88)
  m - an uncursed lock pick
  h - a blessed magic marker (0:42)
  r - an uncursed oil lamp (lit)
  v - an uncursed stethoscope
  c - an uncursed towel
  z - a blessed +0 unicorn horn
 Scrolls  ('?')
  P - 2 blessed scrolls of taming
  E - 2 uncursed scrolls of teleportation
 Spellbooks  ('+')
  j - the uncursed Book of the Dead
 Comestibles  ('%')
  e - 2 uncursed K-rations
  W - a blessed partly eaten chickatrice corpse (wielded)
  A - 3 uncursed lizard corpses
 Armor    ('[')
  Y - an uncursed +4 helm of caution (being worn)
  B - an uncursed burnt +3 pair of leather gloves (being worn)
  n - a blessed very burnt +3 pair of speed boots (being worn)
  w - a blessed thoroughly burnt +3 robe (being worn)
  C - a blessed +4 Hawaiian shirt with a plumeria motif (being worn)
  V - a blessed rotproof +4 gray dragon scale mail (being worn)
 Gems/Stones  ('*')
  t - the uncursed Heart of Ahriman

Contents of the bag of holding:
  393 gold pieces
  an uncursed amulet of ESP
  an uncursed amulet of flying
  an uncursed amulet of restful sleep
  an uncursed amulet of unchanging
  an uncursed wand of cold (0:6)
  an uncursed wand of fire (0:5)
  an uncursed wand of fire (0:5)
  an uncursed wand of light (0:13)
  an uncursed wand of lightning (0:6)
  an uncursed wand of lightning (0:2)
  a blessed wand of polymorph (0:5)
  an uncursed wand of polymorph (0:0)
  an uncursed wand of sleep (0:5)
  an uncursed wand of sleep (0:2)
  an uncursed wand of slow monster (0:5)
  an uncursed wand of striking (0:3)
  a cursed ring of conflict
  a cursed ring of hunger
  a blessed ring of polymorph
  an uncursed ring of polymorph
  an uncursed ring of polymorph control
  an uncursed ring of polymorph control
  an uncursed ring of protection from shape changers
  an uncursed ring of regeneration
  an uncursed ring of sustain ability
  an uncursed ring of teleport control
  an uncursed leash
  a blessed magic marker (0:2)
  a blessed magic marker (0:2)
  an uncursed rustproof +0 pick-axe
  an uncursed tinning kit (0:9)
  a blessed scroll of amnesia
  an uncursed scroll of blank paper
  3 blessed scrolls of charging
  a blessed scroll of destroy armor
  a blessed scroll of earth
  a blessed scroll of fire
  a cursed scroll of fire
  an uncursed scroll of gold detection
  an uncursed scroll of identify
  an uncursed scroll of light
  4 blessed scrolls of remove curse
  a blessed scroll of scare monster
  a cursed scroll of teleportation
  a cursed potion of invisibility
  3 blessed potions of object detection
  2 uncursed potions of paralysis
  3 potions of holy water
  2 uncursed grapes
  2 uncursed cram rations
  6 uncursed food rations
  2 uncursed lembas wafers
  4 uncursed eggs
  an uncursed very burnt +0 cloak of displacement
  an uncursed +0 cloak of magic resistance
  an uncursed +0 cloak of protection
  2 uncursed amethyst stones
  5 uncursed diamonds
  4 uncursed emeralds
  an uncursed garnet stone
  2 uncursed jet stones
  3 uncursed rubies
  a blessed luckstone

Jera the Barbarian's attributes:

Background:
 You were a Raider, a level 16 female human Barbarian.
 You were neutral, on a mission for Crom
 who was opposed by Mitra (lawful) and Set (chaotic).
 You were right-handed.
 You were in the endgame, on the Astral Plane.
 You entered the dungeon 33472 turns ago.
 It was nighttime.
 You had 386558 experience points, 253442 more were needed to attain level 17.

Basics:
 You had 116 out of 125 hit points.
 You had all 40 energy points (spell power).
 Your armor class was -28.
 Your wallet was empty, but
 you had 393 zorkmids stashed away in your pack.
 Autopickup was on for '?' plus thrown, with exceptions.

Final Characteristics:
 Your strength was 18/14 (limit:18/100).
 Your dexterity was 17 (peak:18, limit:18).
 Your constitution was 18 (limit:18).
 Your intelligence was 12 (limit:18).
 Your wisdom was 14 (limit:18).
 Your charisma was 11 (limit:18).

Final Status:
 You weren't hungry.
 You were unencumbered.
 You were wielding a corpse.

Final Attributes:
 You were piously aligned.
 You were magic-protected.
 You were fire resistant.
 You were cold resistant.
 You were sleep resistant.
 You were disintegration resistant.
 You were shock resistant.
 You were poison resistant.
 You saw invisible.
 You were telepathic.
 You were warned.
 You were invisible to others.
 You were stealthy.
 You had a moderate defense bonus (+7).
 You were guarded.
 Your spell casting was enhanced by wearing a robe.
 You were very fast.
 You had free action.
 Your life would have been saved.
 You were lucky.
 You had extra luck.
 Bad luck did not time out for you.
 Good luck did not time out for you.
 You survived.

Miscellaneous:
 You didn't encounter any bones levels.
 Total elapsed playing time was 7 hours, 20 minutes and 58 seconds.

Major events:
 Turn
    1: Jera the neutral female human Barbarian entered the dungeon
  991: attained the rank of Pillager (level 3)
 1392: entered the Gnomish Mines
 2188: attained the rank of Bandit (level 6)
 2790: reached Mine Town
 6575: acquired the Mines' End luckstone
 7661: entered Sokoban
 7867: completed 1st Sokoban level
 8179: completed 2nd Sokoban level
 8495: completed 3rd Sokoban level
 8976: completed 4th Sokoban level
 9550: acquired the Sokoban amulet of reflection
11999: attained the rank of Brigand (level 10)
13376: was bestowed with Cleaver by Crom
13657: made her first wish - "blessed greased fixed +2 gray dragon scale mail", got "a greased gray dragon scale mail"
13686: performed her first genocide (class L)
14053: entered the Bigroom
19533: genocided class R
19624: wished for "blessed bag of holding", got "a bag"
20995: wished for "wand of polymorph", got "a copper wand"
22399: killed Medusa
24874: wished for "blessed magic marker", got "a magic marker"
25101: attained the rank of Raider (level 14)
25138: entered Home 1, the Quest
25201: Pelias has granted access to proceed deeper into the quest
25209: entered Home 2, the Quest
25219: entered Home 3, the Quest
25437: entered Home 4, the Quest
25545: entered Home 5, the Quest
25601: entered Home 6, the Quest
25661: killed Thoth Amon
25661: found the Heart of Ahriman carried by a monster
25662: acquired the Bell of Opening
26250: entered Gehennom
26884: bribed Asmodeus with 1137 zorkmids for safe passage
26985: killed Juiblex
27699: bribed Baalzebub with 834 zorkmids for safe passage
27958: destroyed Vlad the Impaler
28066: wished for "blessed magic marker", got "a magic marker"
28074: acquired the Candelabrum of Invocation
29362: killed Orcus
30980: killed the Wizard of Yendor
30980: acquired the Book of the Dead
31155: performed the invocation
31482: killed the Wizard of Yendor (2nd time)
31522: killed the high priestess of Moloch
31524: acquired The Amulet of Yendor
31524: wished for "2 blessed full healing", got "2 potions called idk"
31815: killed the Wizard of Yendor (3rd time)
33194: entered the Elemental Planes
33194: entered Plane of Earth
33195: killed the Wizard of Yendor (5th time)
33210: entered Plane of Air
33251: entered Plane of Fire
33280: entered Plane of Water
33285: genocided class ;
33353: entered the Astral Plane
33399: killed Death
33420: killed Death (2nd time)
33422: wished for "blessed partly eaten chickatrice corpse", got "a partly eaten chickatrice corpse"
33472: ascended

Spells:
 Name                 Level Category     Fail Retention
 detect monsters        1   divination    53%    (gone)

Skills:
 Fighting Skills
   bare handed combat [Basic]
   two weapon combat  [Unskilled]
   riding             [Unskilled]
 Weapon Skills
   dagger             [Unskilled]
   axe                [Expert]
   pick-axe           [Unskilled]
   short sword        [Basic]
   broadsword         [Unskilled]
   long sword         [Unskilled]
   two-handed sword   [Unskilled]
   saber              [Unskilled]
   club               [Basic]
   mace               [Unskilled]
   morning star       [Unskilled]
   flail              [Unskilled]
   hammer             [Unskilled]
   quarterstaff       [Unskilled]
   spear              [Unskilled]
   trident            [Unskilled]
   bow                [Unskilled]
 Spellcasting Skills
   attack spells      [Unskilled]
   escape spells      [Unskilled]

Voluntary challenges:
 Your character was rerolled thrice.
 You genocided 12 types of monsters.
 You never changed form.
 You used 7 wishes.
 You did not wish for any artifacts.
 You did not violate any of the special Sokoban rules.
Achievements:
 You attained the rank of Pillager.
 You entered the Gnomish Mines.
 You attained the rank of Bandit.
 You entered Minetown.
 You entered a shop.
 You entered a temple.
 You completed the Gnomish Mines.
 You entered Sokoban.
 You completed Sokoban.
 You attained the rank of Brigand.
 You entered the Big Room.
 You defeated Medusa.
 You attained the rank of Raider.
 You had the Bell of Opening.
 You entered Gehennom.
 You had the Candelabrum of Invocation.
 You had the Book of the Dead.
 You gained access to Moloch's Sanctum.
 You reached the Elemental Planes.
 You reached the Astral Plane.
 You delivered the Amulet of Yendor.
 You ascended!

 The Elemental Planes:
    Astral Plane: <- You are here.
       A temple and an altar to Crom.
    Plane of Water:
    Plane of Fire:
    Plane of Air:
    Plane of Earth:
 The Dungeons of Doom: levels 1 to 29
    Level 1:
       One way stairs up to The Elemental Planes.
    Level 2:
       A bookstore.
       Stairs down to The Gnomish Mines.
    Level 3:
       Some fountains.
    Level 4:
    Level 5:
    Level 6:
       Many fountains.
       Oracle of Delphi.
    Level 7:
       Many altars.
       Stairs up to Sokoban, level 6.
    Level 8:
       Some fountains.
    Level 9:
       Many fountains.
    Level 10:
       Many fountains.
       A very big room.
    Level 11:
    Level 12:
       A fountain, a sink.
    Level 13:
       Portal to The Quest.
    Level 14:
       Some fountains.
    Level 15:
       A primitive area.
    Level 16:
       A fountain.
    Level 17:
    Level 18:
    Level 19:
       A sink.
    Level 20:
       A fountain.
    Level 21:
    Level 22:
    Level 23:
       A sink.
    Level 24:
       A sink.
    Level 25:
       A fountain.
    Level 26:
       A temple and some altars to Crom, a grave.
    Level 27:
    Level 28:
       Many trees.
    Level 29:
       A fountain.
       Connection to Gehennom.
 Gehennom: levels 30 to 52
    Level 30:
       A temple and an altar, many graves.
       Valley of the Dead.
    Level 31:
    Level 32:
    Level 33:
    Level 34:
    Level 35:
    Level 36:
    Level 37:
    Level 38:
       Stairs up to Vlad's Tower, level 37.
    Level 39:
    Level 40:
    Level 41:
    Level 42:
       Some shops, an altar, many graves.
    Level 43:
    Level 44:
    Level 45:
    Level 46:
    Level 47:
    Level 48:
    Level 49:
    Level 50:
    Level 51:
    Level 52:
       A temple and an altar, many graves.
       Moloch's Sanctum.
 The Gnomish Mines: levels 3 to 10
    Level 3:
    Level 4:
    Level 5:
       Many shops, a temple and an altar, some fountains.
    Level 6:
    Level 7:
    Level 8:
    Level 9:
    Level 10:
 The Quest: levels 1 to 6
    Level 1:
       Many trees.
       Completed quest for Pelias.
    Level 2:
    Level 3:
    Level 4:
    Level 5:
    Level 6:
       An altar.
 Sokoban: levels 6 up to 3
    Level 3:
       Solved.
    Level 4:
       Solved.
    Level 5:
       Solved.
    Level 6:
       Solved.
 Vlad's Tower: levels 37 up to 35
    Level 35:
    Level 36:
    Level 37:


Vanquished creatures:
    Orcus
    Juiblex
the Wizard of Yendor (5 times)
    Death (twice)
    Vlad the Impaler
  a high cleric
  4 mastodons
    Medusa
 10 krakens
  3 iron golems
  3 storm giants
  2 glass golems
  3 balrogs
    Thoth Amon
  6 purple worms
  2 gray dragons
  a gold dragon
 10 red dragons
  2 white dragons
  2 orange dragons
  a black dragon
  a blue dragon
  3 green dragons
  a yellow dragon
 18 minotaurs
  3 jabberwocks
  7 baluchitheria
 11 Angels
  a stone golem
  3 master mind flayers
  5 Olog-hai
  2 Nazgul
  7 pit fiends
  3 sandestins
  6 hell hounds
  3 displacer beasts
  5 titanotheres
  4 trappers
  3 baby red dragons
  a guardian naga
  2 genetic engineers
 25 vampire leaders
  3 skeletons
 16 aligned clerics
  3 captains
  4 shades
  a clay golem
  3 nurses
  5 ice devils
  7 nalfeshnees
  a lurker above
 an Aleax
  5 frost giants
  3 ettins
  a golden naga
  7 black puddings
 17 vampires
  4 lieutenants
 32 ghosts
  a monk
  3 mind flayers
  5 giant mimics
  3 long worms
  6 zruties
  a fire giant
  6 ogre tyrants
  6 ice trolls
 27 rock trolls
 an umber hulk
  9 flesh golems
  5 elven monarchs
  a doppelganger
 10 hezrous
 12 bone devils
  4 large mimics
  9 fire vortices
  3 couatls
 10 stalkers
 an air elemental
  7 fire elementals
  3 earth elementals
  6 water elementals
  4 hill giants
  a giant mummy
  5 xorns
 12 giant zombies
  9 elf-nobles
  8 sergeants
  7 barbed devils
  6 vrocks
  5 salamanders
 12 wargs
  2 winter wolves
 10 hell hound pups
  5 small mimics
  2 glass piercers
  4 warhorses
  9 steam vortices
 10 xans
  6 ettin mummies
  8 ogre leaders
 10 quantum mechanics
 28 trolls
  3 wood golems
 an erinys
  7 mariliths
  6 sharks
 11 electric eels
  6 gelatinous cubes
  6 pyrolisks
  2 large dogs
  9 flaming spheres
 10 shocking spheres
  a large cat
  6 tigers
  5 gargoyles
  a dwarf ruler
  4 tengu
  6 ochre jellies
  7 leocrottas
  4 energy vortices
  a stone giant
  3 elf mummies
  4 human mummies
 10 red nagas
  a green slime
  a python
  a pit viper
 49 wraiths
  2 carnivorous apes
 18 ettin zombies
  a leather golem
  9 Grey-elves
 42 soldiers
  4 watchmen
  8 amorous demons
  4 horned devils
  4 chameleons
  2 crocodiles
 16 giant beetles
  3 quivering blobs
 13 cockatrices
  7 wolves
  5 winter wolf cubs
  a lynx
  2 panthers
  4 gremlins
 80 leprechauns
  5 orc-captains
  2 iron piercers
  2 mumakil
  9 giant spiders
  6 scorpions
  3 horses
  4 ice vortices
  5 black lights
  9 vampire bats
  3 forest centaurs
  a gnome ruler
 an orc mummy
  2 dwarf mummies
 60 ogres
  6 brown puddings
  a rust monster
  6 owlbears
  8 yetis
  3 gold golems
 16 Green-elves
  5 piranha
 11 giant eels
 10 lizards
  a chickatrice
  a dingo
  4 dogs
  2 jaguars
  3 dwarf leaders
  6 blue jellies
  5 white unicorns
  a gray unicorn
  2 black unicorns
  7 dust vortices
 16 ravens
  8 plains centaurs
  4 gnome mummies
  a snake
  5 apes
 15 human zombies
  5 rope golems
  8 Woodland-elves
 20 soldier ants
 12 fire ants
 21 bugbears
 an imp
  2 lemures
  2 quasits
  6 wood nymphs
  5 water nymphs
  5 mountain nymphs
  5 Mordor orcs
  8 Uruk-hai
  4 orc shamans
  3 rock piercers
  5 ponies
  4 fog clouds
  7 yellow lights
  6 shriekers
  2 violet fungi
 17 gnome leaders
 12 gnomish wizards
  3 kobold mummies
  4 gray oozes
  4 barrow wights
 13 elf zombies
  9 ghouls
  3 straw golems
  6 jellyfish
  a baby crocodile
 46 giant ants
  a little dog
  9 floating eyes
  a kitten
 21 dwarves
  5 homunculi
  2 kobold leaders
  3 kobold shamans
 18 hill orcs
 16 rothes
  3 rabid rats
  3 centipedes
  2 giant bats
 25 orc zombies
 15 dwarf zombies
  4 wererats
 10 iguanas
 30 killer bees
 an acid blob
  6 coyotes
  a gas spore
  9 hobbits
 13 manes
  a large kobold
 16 hobgoblins
  6 giant rats
  4 cave spiders
  a brown mold
  3 yellow molds
  4 green molds
  3 red molds
 54 gnomes
  6 garter snakes
 10 gnome zombies
 11 geckos
 13 jackals
  3 foxes
  2 kobolds
  3 goblins
  2 sewer rats
  3 grid bugs
  a bat
  6 lichens
 11 kobold zombies
 14 newts
1864 creatures vanquished.

Genocided or extinct species:
 arch-liches
 krakens
 master liches
 demiliches
 disenchanters
 liches
 erinyes (extinct)
 sharks
 electric eels
 rust monsters
 piranha
 giant eels
 jellyfish
12 species genocided.
1 species extinct.

Goodbye Jera the Demigoddess...

You went to your reward with 2202776 points,
Cleaver (worth 1500 zorkmids and 3750 points)
The Book of the Dead (worth 10000 zorkmids and 25000 points)
The Bell of Opening (worth 5000 zorkmids and 12500 points)
The Heart of Ahriman (worth 2500 zorkmids and 6250 points)
The Candelabrum of Invocation (worth 5000 zorkmids and 12500 points)
       5 diamonds (worth 20000 zorkmids),
       4 emeralds (worth 10000 zorkmids),
       3 rubies (worth 10500 zorkmids),
       2 jet stones (worth 1700 zorkmids),
       2 amethyst stones (worth 1200 zorkmids),
       1 garnet stone (worth 700 zorkmids),
       2 amulets of life saving (worth 300 zorkmids),
       1 amulet of ESP (worth 150 zorkmids),
       1 amulet of restful sleep (worth 150 zorkmids),
       1 amulet of unchanging (worth 150 zorkmids),
       1 amulet of reflection (worth 150 zorkmids),
       1 amulet of flying (worth 150 zorkmids),
and 393 pieces of gold, after 33472 moves.
You were level 16 with a maximum of 125 hit points when you ascended.

